 Dungeon Crawl Stone Soup version 0.27-a0-633-gc6addc0a40 (webtiles) character file.

Game seed: 9305806389059786952

5 shoop the Skirmisher (level 1, 0/20 HPs)
             Began as a Palentonga Abyssal Knight on Mar 13, 2021.
             Was a Follower of Lugonu.
             Slain by a kobold
             ... wielding a +0 short sword of speed
              (3 damage)
             ... on level 1 of the Dungeon.
             The game lasted 00:00:53 (275 turns).

shoop the Skirmisher (Palentonga Abyssal Knight)     Turns: 275, Time: 00:00:54

Health: 0/20       AC:  4    Str: 15    XL:     1   Next: 66%
Magic:  2/2        EV:  9    Int: 12    God:    Lugonu [*.....]
Gold:   36         SH:  0    Dex:  9    Spells: 0/0 levels left

rFire    . . .     SeeInvis +   a - +1 hand axe
rCold    . . .     Faith    .   (no shield)
rNeg     . . .     Spirit   .   b - +0 leather armour
rPois    .         Reflect  .   (no helmet)
rElec    .         Harm     .   (no cloak)
rCorr    .         Rampage  .   (no gloves)
Will     .....                  (no barding)
Stlth    +.........             (no amulet)
HPRegen  0.06/turn              (no ring)
MPRegen  0.08/turn              (no ring)

@: no status effects
A: large, rugged brown scales 3, see invisible, deformed body, roll 1, armoured
tail
a: Rolling Charge, Renounce Religion, Depart the Abyss


You were on level 1 of the Dungeon.
You worshipped Lugonu.
Lugonu was aware of your devotion.
You visited 1 branch of the dungeon, and saw 1 of its levels.
You visited the Abyss 1 time.

You collected 36 gold pieces.

Inventory:

Hand Weapons
 a - a +1 hand axe (weapon)
Armour
 b - a +0 leather armour (worn)
Scrolls
 c - a scroll of identify {unknown}


   Skills:
 - Level 3.0 Fighting
 + Level 2.5 Axes
 - Level 1.5 Armour
 - Level 0.7 Dodging
 - Level 2.0 Invocations


You couldn't memorise any spells.
You didn't know any spells.
Your spell library was empty.

Dungeon Overview and Level Annotations

Branches:
Dungeon (1/15)

Altars:


Innate Abilities, Weirdness & Mutations

You are completely covered in rugged brown scales. (AC +3, +7% HP)
You have supernaturally acute eyesight. (SInv)
Armour fits poorly on your strangely shaped body.
You can roll at nearby foes to attack.
You have a long armoured tail.


Message History

You closely miss the bat. The bat hits you but does no damage.
The kobold hits you with a +0 short sword of speed.
You hit the kobold.
Your tail-slap misses the kobold.
The kobold is moderately wounded.
The bat barely misses you.
The kobold hits you with a +0 short sword of speed.
The bat hits you.
You barely miss the kobold.
Your tail-slap misses the kobold.
The kobold is moderately wounded.
You barely miss the bat. The bat barely misses you.
The kobold hits you with a +0 short sword of speed.
You are too injured to fight recklessly!
You are too injured to fight recklessly!
You are too injured to fight recklessly!
You are too injured to fight recklessly!
You are too injured to fight recklessly!
You are too injured to fight recklessly!
You are too injured to fight recklessly!
You are too injured to fight recklessly!
You are too injured to fight recklessly!
You are too injured to fight recklessly!
You are too injured to fight recklessly!
You are too injured to fight recklessly!
You are too injured to fight recklessly!
You are too injured to fight recklessly!
You are too injured to fight recklessly!
You are too injured to fight recklessly!
You are too injured to fight recklessly!
You barely miss the kobold.
The kobold is moderately wounded.
The bat closely misses you.
The kobold hits you with a +0 short sword of speed.
* * * LOW HITPOINT WARNING * * *
The kobold hits you but does no damage.
You hit the kobold.
You tail-slap the kobold, but do no damage.
The kobold is severely wounded.
The bat barely misses you.
The kobold hits you with a +0 short sword of speed.
You die...

# .#
###.#######.#
#..$.......b####.
#.# #.@K......
#.# #.##......
#.# #.# ##### #.#
#.# ####.######.#
#.....>.....#
#.##[########
#.#...# #.#...#


You could see a bat and a kobold.

Vanquished Creatures
  A leopard gecko (D:1)
  A ball python (D:1)
  A goblin (D:1)
  A rat (D:1)
4 creatures vanquished.

Notes
Turn   | Place    | Note
-------+----------+-------------------------------------------
     0 | Abyss:1  | shoop the Palentonga Abyssal Knight began the quest for the
                  | Orb.
     0 | Abyss:1  | Reached XP level 1. HP: 20/20 MP: 2/2
     2 | Abyss:1  | Found a corrupted altar of Lugonu.
    25 | D:1      | Escaped the Abyss
   275 | D:1      | Slain by a kobold

Illustrated notes

Levels and vault maps discovered:
D:1:      dpeg_arrival_snail, layout_loops_ring

Action                   || total
-------------------------++-------
Melee: Hand axe          ||    14
       Tailslap          ||     1
Armor: Leather armour    ||     7
Dodge: Dodged            ||     8

Table legend: (Time is in decaauts)
 A = Elapsed time spent in this place.
 B = Non-inter-level travel time spent in this place.
 C = Inter-level travel time spent in this place.
 D = Time resting spent in this place.
 E = Time spent auto-exploring this place.
 F = Levels seen in this place.
 G = Mean time per level.
                   A        B        C        D        E       F      G
               +--------+--------+--------+--------+--------+-----+--------+
         Total |    277 |    277 |      0 |      0 |    241 |   2 |  138.5 |
       Dungeon |    252 |    252 |      0 |      0 |    221 |   1 |  252.0 |
         Abyss |     25 |     25 |      0 |      0 |     20 |   1 |   25.0 |
               +--------+--------+--------+--------+--------+-----+--------+

Top non-repeatable levels by time:
     D:1: 252 daAuts
 Abyss:1: 25 daAuts
